 Dungeon Crawl Stone Soup version 0.30-a0-371-gad7725a93e (webtiles) character file.

Game seed: 3897732919725126262

261 funkygono the Trooper (level 5, 0/43 HPs)
             Began as a Demonspawn Cinder Acolyte on Nov 20, 2022.
             Was a Follower of Ignis.
             Slain by a gnoll
             ... wielding a +0 spear
              (8 damage)
             ... on level 4 of the Dungeon.
             The game lasted 00:05:01 (2311 turns).

funkygono the Trooper (Demonspawn Cinder Acolyte)   Turns: 2311, Time: 00:05:02

Health: 0/43       AC: 15    Str: 14    XL:     5   Next: 96%
Magic:  4/7        EV:  9    Int: 18    God:    Ignis [*.....]
Gold:   165        SH:  0    Dex:  8    Spells: 5/7 levels left

rFire   + . .      SeeInvis .    a - -1 falchion (flame)
rCold   . . .      Faith    .    (no shield)
rNeg    . . .      Spirit   .    d - +0 scale mail
rPois   .          Reflect  .    (no helmet)
rElec   .          Harm     .    (no cloak)
rCorr   .          Rampage  .    (no gloves)
Will    .....                    (no boots)
Stlth   ..........               (no amulet)
HPRegen 0.27/turn                (no ring)
MPRegen 0.10/turn                (no ring)

@: fiery-armoured
A: claws 1, icy blue scales 1, powered by death 1
a: Renounce Religion, Fiery Armour, Foxfire Swarm, Rising Flame


You were on level 4 of the Dungeon.
You worshipped Ignis.
Ignis was aware of your devotion.
You visited 1 branch of the dungeon, and saw 4 of its levels.

You collected 165 gold pieces.

Inventory:

Hand Weapons
 a - a -1 falchion of flaming (weapon)
 h - a +3 dagger
 n - a +1 short sword of flaming
Armour
 b - a +0 robe
 d - a +0 scale mail (worn)
Wands
 o - a wand of polymorph (8)
Scrolls
 e - a scroll of butterflies {unknown}
 f - 4 scrolls of teleportation {unknown}
 i - a scroll of noise {unknown}
 j - 2 scrolls of magic mapping {unknown}
 p - a scroll of fear {unknown}
 r - a scroll of poison {unknown}
 t - 2 scrolls of identify {unknown}
Potions
 c - 2 potions of brilliance {unknown}
 g - 2 potions of might {unknown}
 k - 2 potions of magic {unknown}
 l - a potion of flight {unknown}
 m - 2 potions of curing {unknown}
 q - a potion of mutation {unknown}
 s - a potion of degeneration {unknown}
 u - a potion of haste {unknown}


   Skills:
 * Level 4.3 Fighting
 + Level 4.0 Long Blades
 + Level 1.3 Armour
 + Level 0.6 Dodging
 + Level 1.7 Spellcasting
 + Level 3.6 Fire Magic


You had 5 spell levels left.
You knew the following spells:

 Your Spells              Type           Power      Damage    Failure   Level
a - Scorch                Fire           28%        2d6       28%         2

Your spell library contained the following spells:

 Spells                   Type           Power      Damage    Failure   Level
 Apportation              Tloc           2%         N/A       63%         1
 Necrotise                Necr           4%         1d4       63%         1
 Summon Small Mammal      Summ           4%         N/A       63%         1
 Ensorcelled Hibernation  Hex/Ice        2%         N/A       77%         2
 Passwall                 Tmut/Erth      0%         N/A       77%         2
 Ozocubu's Armour         Ice            1%         N/A       94%         3
 Swiftness                Air            1%         N/A       94%         3
 Ozocubu's Refrigeration  Ice            0%         4d7       100%        7


Dungeon Overview and Level Annotations

Branches:
Dungeon (4/15)
 Temple: D:4-7

Altars:
Trog
Vehumet


Innate Abilities, Weirdness & Mutations

You have sharp fingernails.
You are partially covered in icy blue scales. (AC +2)
You regenerate a little health from kills.


Message History

You are poisoned.
The adder poisons you!
You feel sick. The adder closely misses you.
The adder attacks as you move away! The adder bites you but does no damage.
You feel sick.
A protective cloak of flame settles atop you.
You feel sick. The adder barely misses you.
Unknown command.
You feel sick. The adder bites you but does no damage.
The adder is burned by your cloak of flames.
You kill the adder!
You feel sick.
You are no longer poisoned.
You see here a +0 leather armour.
Items here: )))) [ †.
The gnoll closely misses you. The gnoll misses you.
You hit the gnoll but do no damage. The gnoll barely misses you.
The gnoll closely misses you.
You closely miss the gnoll. The gnoll hits you with a +0 spear.
The gnoll is burned by your cloak of flames.
The gnoll is moderately wounded.
The gnoll hits you from afar with a +1 halberd of pain.
You writhe in agony.
* * * LOW HITPOINT WARNING * * *
You hit the gnoll but do no damage.
The gnoll is moderately wounded.
The gnoll hits you but does no damage.
The gnoll is burned by your cloak of flames.
The gnoll is heavily wounded.
The gnoll hits you but does no damage. x2
The gnoll is burned by your cloak of flames.
The gnoll is severely wounded.
The gnoll hits you from afar with a +1 halberd of pain.
* * * LOW HITPOINT WARNING * * *
You hit the gnoll but do no damage.
The gnoll is severely wounded.
The gnoll barely misses you. The gnoll closely misses you.
You hit the gnoll. You burn the gnoll.
The gnoll is almost dead.
The gnoll hits you with a +0 spear!
You die...

####.......#
#..........#
.....###....#
...####..†..##
...........).#
.......).[...#
#######.gg#..#
##g###..# ##@# #..#
#..# ### ##.##
#####...+ #......##
...####..##########
. ##...........
#...#####... #..##


You could see 3 gnolls.

Vanquished Creatures
  2 jellies (D:3)
  A gnoll bouda (D:4)
  Jessica (D:2)
  5 gnolls (D:4)
  2 adders
  2 worms (D:2)
  2 orcs (D:3)
  4 bats
  12 endoplasms
  5 giant cockroaches
  2 goblins
  A hobgoblin (D:1)
  6 jackals (D:3)
  A quokka (D:1)
  A ball python (D:1)
  2 frilled lizards (D:2)
  16 kobolds
  3 rats
68 creatures vanquished.

Vanquished Creatures (others)
  4 fungi (D:3)
  10 toadstools (D:3)
14 creatures vanquished.

Grand Total: 82 creatures vanquished

Notes
Turn   | Place    | Note
-------+----------+-------------------------------------------
     0 | D:1      | funkygono the Demonspawn Cinder Acolyte began the quest for
                  | the Orb.
     0 | D:1      | Reached XP level 1. HP: 18/18 MP: 2/2
   105 | D:1      | Gained mutation: You regenerate a little health from kills.
                  | [demonic ancestry]
   105 | D:1      | Reached XP level 2. HP: 18/24 MP: 3/3
   815 | D:2      | Reached XP level 3. HP: 29/29 MP: 4/4
  1031 | D:2      | Found a radiant altar of Vehumet.
  1275 | D:2      | Noticed Jessica
  1281 | D:2      | Killed Jessica
  1282 | D:2      | Gained mutation: You are partially covered in icy blue
                  | scales. (AC +2) [demonic ancestry]
  1282 | D:2      | Reached XP level 4. HP: 35/37 MP: 5/5
  1475 | D:3      | Learned a level 2 spell: Scorch
  1910 | D:3      | Reached skill level 1 in Armour
  1943 | D:3      | Gained mutation: You have sharp fingernails. [demonic
                  | ancestry]
  1943 | D:3      | Reached XP level 5. HP: 40/42 MP: 6/6
  2111 | D:3      | Found a bloodstained altar of Trog.
  2311 | D:4      | Slain by a gnoll

Illustrated notes

Levels and vault maps discovered:
D:1:      evilmike_arrival_crescent, layout_basic
D:2:      layout_basic, basic_altar, uniq_jessica
D:3:      cheibrodos_fertilizer, layout_rooms, lightli_temple_of_fire
D:4:      layout_layer_cave, pdpol_temple_overflow_zin_treasury_gozag_greed,
          minmay_temple_entry_statues_fountains

Skill      XL: |  1  2  3  4  5 |
---------------+----------------+-----
Fire Magic     | 3 |  3.6
Long Blades    | 3 4 |  4.0
Fighting       | 4 |  4.3
Armour         | 1 |  1.3
Dodging        | |  0.6
Spellcasting   | |  1.7

Action                   |  1- 3 |  4- 6 || total
-------------------------+-------+-------++-------
Melee: Falchion          |    75 |    68 ||   143
       Punch             |       |     2 ||     2
 Cast: Scorch            |       |    13 ||    13
Invok: Fiery Armour      |     4 |     6 ||    10
Armor: Robe              |     2 |       ||     2
       Scale mail        |    42 |    53 ||    95
Dodge: Dodged            |    34 |    63 ||    97

Table legend: (Time is in decaauts)
 A = Elapsed time spent in this place.
 B = Non-inter-level travel time spent in this place.
 C = Inter-level travel time spent in this place.
 D = Time resting spent in this place.
 E = Time spent auto-exploring this place.
 F = Levels seen in this place.
 G = Mean time per level.
                   A        B        C        D        E       F      G
               +--------+--------+--------+--------+--------+-----+--------+
         Total |   2330 |   2246 |     84 |      0 |   1777 |   4 |  582.5 |
       Dungeon |   2330 |   2246 |     84 |      0 |   1777 |   4 |  582.5 |
               +--------+--------+--------+--------+--------+-----+--------+

Top non-repeatable levels by time:
     D:2: 726 daAuts
     D:3: 716 daAuts
     D:1: 697 daAuts
     D:4: 189 daAuts
